 Dungeon Crawl Stone Soup version 0.17-a0-2093-gc772f4b (webtiles) character file.

36 evilmojo the Covered (level 3, -4/33 HPs)
             Began as a Minotaur Fighter on Oct 16, 2015.
             Killed from afar by Terence (7 damage)
             ... with a wand of magic darts
             ... on level 2 of the Dungeon.
             The game lasted 00:02:17 (685 turns).

evilmojo the Covered (Minotaur Fighter)              Turns: 685, Time: 00:02:17

Health: -4/33      AC:  7    Str: 21    XL:     3   Next: 19%
Magic:  2/2        EV:  7    Int:  5    God:
Gold:   37         SH:  9    Dex:  9    Spells: 0 memorised, 2 levels left

rFire  . . .     SeeInvis .     a - +0 war axe
rCold  . . .     Clarity  .     b - +0 scale mail
rNeg   . . .     SustAt   .     c - +0 shield
rPois  .         Gourm    .     (helmet restricted)
rElec  .         Spirit   .     (no cloak)
rCorr  .         Warding  .     (no gloves)
rMut   .         Stasis   .     (no boots)
MR     .....                    (no amulet)
Stlth  ..........               (no ring)
                                (no ring)

@: not resistant to hostile enchantments, extremely unstealthy
A: retaliatory headbutt, horns 2
a: no special abilities


You were on level 2 of the Dungeon.
You were not hungry.

You visited 1 branch of the dungeon, and saw 2 of its levels.

You collected 37 gold pieces.

Inventory:

Hand Weapons
 a - a +0 war axe (weapon)
 f - a +0 whip
 i - a +0 dagger
 j - a +0 hunting sling
 k - a cursed +0 spear
 o - a +0 hunting sling
Armour
 b - a +0 scale mail (worn)
 c - a +0 shield (worn)
 n - a +0 robe
Jewellery
 g - a cursed ring of loudness {unknown}
Scrolls
 l - a scroll of remove curse {unknown}
 p - a scroll of magic mapping {unknown}
 q - a scroll of fear {unknown}
Potions
 d - a potion of might
 h - a potion of curing
Comestibles
 e - a bread ration
 r - a meat ration
 s - a beef jerky


   Skills:
 + Level 4.0 Fighting
 + Level 2.8 Axes
 + Level 4.2 Armour
 + Level 0.4 Dodging
 + Level 4.1 Shields


You had 2 spell levels left.
You didn't know any spells.

Dungeon Overview and Level Annotations

Branches:
Dungeon (2/15)

Altars:

Annotations:
D:2 Terence


Innate Abilities, Weirdness & Mutations

You reflexively headbutt those who attack you in melee.
You have a pair of horns on your head.


Message History

You feel stronger.
You closely miss Terence. Terence hits you but does no damage.
You miss Terence.
Terence zaps a wand.
The magic dart hits you!
Terence zaps a wand.
The magic dart hits you!
You hit Terence but do no damage.
Terence zaps a wand.
The magic dart hits you!
You hit Terence.
Terence is lightly wounded.
Terence hits you with a mace!
Terence zaps a wand.
The magic dart hits you!
* * * LOW HITPOINT WARNING * * *
Drink which item? (? for menu, Esc to quit)
It was a potion of curing.
You feel better.
Terence zaps a wand.
The magic dart hits you!
* * * LOW HITPOINT WARNING * * *
Read which item? (? for menu, Esc to quit)
As you read the scroll labeled BOIGYPP LUXEUM, it crumbles to dust.
It is a scroll of identify.
Identify which item? (\ to view known items) (? for menu, Esc to quit)
k - a cursed +0 spear Terence zaps a wand.
The magic dart hits you!
You die...

..... .....
... ... #.#
#.# #.# #.#
#@#
.######@###
..@....$..#
..........#
...#......#
....#.#####
....#. ...
#. .# ..


You could see Terence.

Vanquished Creatures
  An adder (D:2)
  A giant cockroach (D:1)
  2 goblins (D:1)
  8 hobgoblins (D:1)
  7 kobolds (D:1)
  A ball python (D:1)
  A bat (D:1)
  A giant gecko (D:1)
  A jackal (D:1)
23 creatures vanquished.

Notes
Turn   | Place    | Note
--------------------------------------------------------------
     0 | D:1      | evilmojo the Minotaur Fighter began the quest for the Orb.
     0 | D:1      | Reached XP level 1. HP: 19/19 MP: 0/0
   332 | D:1      | Reached skill level 4 in Armour
   348 | D:1      | Reached XP level 2. HP: 27/27 MP: 1/1
   666 | D:1      | You fall through a shaft!
   668 | D:2      | Noticed Terence
   679 | D:2      | Reached XP level 3. HP: 28/33 MP: 2/2
   683 | D:2      | HP: 1/33 [Terence/wand of magic darts (10)]
   685 | D:2      | Killed from afar by Terence

Vault maps used:
D:1:      onia_arrival_mini_spirals, roderic_hopi_sauvastika, serial_park_tiny_1
D:2:      lemuel_doored_altar, first_bread, hangedman_abyss_or_decor_stabs,
          hangedman_decor_points, minmay_misc_feat_alley, uniq_terence,
          uniq_sigmund

Action                   || total
-------------------------++-------
Melee: War axe           ||    54
  Use: Scroll            ||     1
       Potion            ||     1
